 Dungeon Crawl Stone Soup version 0.30-a0-218-gedb9141078 (webtiles) character file.

Game seed: 8281216610721811246

17855 IdlyInterested the Fighter (level 12, -2/108 HPs)
             Began as a Demonspawn Wanderer on Oct 5, 2022.
             Slain by a swamp worm (10 damage)
             ... on level 2 of the Lair of Beasts.
             The game lasted 00:52:12 (11168 turns).

IdlyInterested the Fighter (Demonspawn Wanderer)   Turns: 11168, Time: 00:52:13

Health: -2/108     AC: 23    Str: 14    XL:     12   Next: 22%
Magic:  22/22      EV:  9    Int: 17    God:
Gold:   643        SH:  3    Dex: 15    Spells: 13/13 levels left

rFire   + + .      SeeInvis .    r - +8 long sword of Harmony {vorpal, rF+ MP+9 Int+2 Stlth+}
rCold   . . .      Faith    .    J - +0 buckler
rNeg    . . .      Spirit   .    k - +1 plate armour {rF+}
rPois   .          Reflect  .    w - +0 helmet
rElec   .          Harm     .    (cloak unavailable)
rCorr   .          Rampage  .    U - +0 pair of gloves
Will    .....      Clarity  +    b - +0 pair of boots
Stlth   ..........               (no amulet)
HPRegen 0.38/turn                f - +4 ring of evasion
MPRegen 0.18/turn                d - +4 ring of protection

@: no status effects
A: foul stench 1, sharp scales 2, weakness stinger 3, clarity, MP-powered wands
a: no special abilities


You were on level 2 of the Lair of Beasts.
You visited 3 branches of the dungeon, and saw 12 of its levels.
You also visited: Ossuary, Bailey and Volcano.

You collected 883 gold pieces.
You spent 240 gold pieces at shops.

Inventory:

Hand Weapons
 n - a +2 short sword of venom
 r - the +8 long sword of Harmony (weapon) {vorpal, rF+ MP+9 Int+2 Stlth+}
   (You found it on level 2 of the Dungeon)

   It inflicts extra damage upon your enemies.
   Int:       It affects your intelligence (+2).
   rF:        It protects you from fire.
   MP:        It affects your magic capacity (+9).
   Stlth:     It makes you more stealthy.
 z - a +5 broad axe
 E - a +6 club of draining
 Z - a +1 rapier of flaming
Missiles
 m - 14 poisoned darts
 p - 18 boomerangs (quivered)
 x - 6 atropa-tipped darts
 y - 8 curare-tipped darts
 W - 2 throwing nets
Armour
 b - a +0 pair of boots (worn)
 k - a +1 plate armour of fire resistance (worn)
 w - a +0 helmet (worn)
 J - a +0 buckler (worn)
 T - an orb of guile
 U - a +0 pair of gloves (worn)
 Y - a +3 leather armour of fire resistance
Jewellery
 a - a +6 ring of strength
 d - a +4 ring of protection (right hand)
 f - a +4 ring of evasion (left hand)
 t - a ring of poison resistance
 H - a ring of willpower
 V - a ring of wizardry
Wands
 G - a wand of roots (5)
 O - a wand of charming (9)
 Q - a wand of flame (27)
Scrolls
 c - 2 scrolls of butterflies
 j - 8 scrolls of teleportation
 o - 3 scrolls of fear
 C - 7 scrolls of enchant armour
 I - a scroll of summoning
 K - 2 scrolls of identify
 L - 2 scrolls of silence
Potions
 e - 2 potions of mutation
 h - 3 potions of flight
 i - 7 potions of curing
 l - 6 potions of attraction
 s - a potion of cancellation
 A - 3 potions of might
 B - 2 potions of invisibility
 D - a potion of haste
 F - 2 potions of resistance
 M - 2 potions of experience
 R - a potion of brilliance
 S - 2 potions of magic
Miscellaneous
 X - a phantom mirror


   Skills:
 * Level 14.7 Fighting
 + Level 9.3 Long Blades
 - Level 4.0 Axes
 - Level 2.0 Throwing
 - Level 6.0 Armour
 + Level 4.7 Dodging
 - Level 3.0 Stealth
 - Level 1.0 Spellcasting
 - Level 1.0 Ice Magic
 - Level 2.0 Evocations


You had 13 spell levels left.
You didn't know any spells.
Your spell library contained the following spells:

 Spells                   Type           Power      Damage    Failure   Level
 Freeze                   Ice            16%        1d4       100%        1
 Summon Small Mammal      Summ           0%         N/A       100%        1
 Call Canine Familiar     Summ           0%         N/A       100%        3
 Hailstorm                Conj/Ice       2%         3d3       100%        3
 Portal Projectile        Hex/Tloc       0%         N/A       100%        3
 Summon Guardian Golem    Hex/Summ       0%         N/A       100%        3
 Leda's Liquefaction      Hex/Erth       0%         N/A       100%        4
 Summon Forest            Summ/Tloc      0%         N/A       100%        5
 Summon Mana Viper        Hex/Summ       0%         N/A       100%        5
 Summon Cactus Giant      Summ           0%         N/A       100%        6


Dungeon Overview and Level Annotations

Branches:
Dungeon (9/15)             Temple (1/1) D:7            Lair (2/5) D:9
Ossuary (visited)          Bailey (visited)         Volcano (visited)
  Swamp: Lair:2-3    Shoals: Lair:2-3     Snake: Lair:2-3    Spider: Lair:2-3
    Orc: D:9-12

Altars:
Ashenzari
Cheibriados
Dithmenos
Fedhas
Gozag
Hepliaklqana
Kikubaaqudgha
Makhleb
Nemelex Xobeh
Okawaru
Qazlal
Ru
Sif Muna
Trog
Uskayaw
Vehumet
Wu Jian
Xom
Yredelemnul

Shops:
D:3 *[   D:7 ?


Innate Abilities, Weirdness & Mutations

You may rarely emit foul miasma when damaged in melee.
You are mostly covered in razor-sharp scales. (AC +2, Slay +2)
You have a sharp stinger which inflicts weakening toxins.
You possess an exceptional clarity of mind.
You expend magic power (3 MP) to strengthen your wands.


Message History

The five-headed hydra bites you. x2
The five-headed hydra bites you but does no damage.
The five-headed hydra barely misses you.
The five-headed hydra bites you but does no damage.
The swamp worm bites you but does no damage.
The five-headed hydra bites you but does no damage.
The five-headed hydra bites you.
The five-headed hydra bites you but does no damage. x3
You hit the five-headed hydra. You drain the five-headed hydra.
You kill the five-headed hydra!
The swamp worm bites you!
* * * LOW HITPOINT WARNING * * *
You feel clever.
r - the +8 long sword of Harmony (weapon)
{vorpal, rF+ MP+9 Int+2 Stlth+} The swamp worm bites you but does no damage.
You are confused.
You feel invigorated.
The swamp worm bites you but does no damage.
The swamp worm fires a harpoon shot at you.
The harpoon shot misses you.
Found a stone staircase leading down.
The swamp worm bites you!
* * * LOW HITPOINT WARNING * * *
You see here a rime drake corpse.
You slash the swamp worm!
Your tail-slap misses the swamp worm.
The swamp worm is heavily wounded.
The swamp worm closely misses you. The swamp worm barely misses you.
The swamp worm bites you!
* * * LOW HITPOINT WARNING * * *
You emit a cloud of foul miasma!
Found an iron ring.
You feel less invigorated.
You feel less confused.
The swamp worm fires a harpoon shot at you.
The harpoon shot hits you.
* * * LOW HITPOINT WARNING * * *
You are yanked forward by the harpoon shot.
The swamp worm is engulfed in dark miasma.
The swamp worm is poisoned.
The swamp worm bites you.
* * * LOW HITPOINT WARNING * * *
The swamp worm bites you!
You die...

#....####### #P.........§§§...
##...###P##.###................
#..............................
#.#........#..P..##.#..#.......
♣♣♣....♣....##...####.####...
♣.♣.♣♣♣..####(.# ### #..
♣♣♣♣♣.♣..# ##†.# #
♣♣.♣~....###w..#.####
♣♣..~~....##†#@.......
♣.l.~~~♣.....w..#####.
♣..~~~~♣..............
♣§♣~~≈~♣.......PP...=. D
♣~~≈~♣.!.....P#.....
♣w~≈≈♣#.#...........
♣♣≈≈≈♣##......#P.#.. ♣♣♣♣♣♣♣♣♣♣
##..........> ♣.♣.♣ ....... ...


You could see 2 swamp worms.

Vanquished Creatures
  An orc warlord (Bailey)
  A hydra (Lair:2)
  Harold (D:9)
  A centaur warrior (D:9)
  3 two-headed ogres
  The ghost of lunkers the Cleaver, a novice MeFi of Hepliaklqana (D:8)
  An orc knight (Bailey)
  A manticore (D:8)
  An elephant (D:9)
  3 salamanders (Volcano)
  3 black mambas (Lair:1)
  2 cane toads (Lair:1)
  A rime drake (Lair:2)
  2 komodo dragons
  3 ice devils (D:9)
  A troll (D:7)
  A hornet (D:9)
  Grinder (D:3)
  A polar bear (Lair:2)
  2 wyverns (D:9)
  A wraith (D:9)
  A ynoxinul (D:9)
  2 fire bats (Volcano)
  A basilisk (D:9)
  2 steam dragons (D:8)
  A chaos spawn (D:9)
  Edmund (D:6)
  7 water moccasins
  2 hell hounds (Volcano)
  An acid dragon (D:8)
  4 orc warriors
  Pargi (D:4)
  An ice beast (D:6)
  4 black bears
  An ogre (D:6)
  A phantom (D:5)
  5 wolves (Lair:1)
  5 centaurs
  5 kobold brigands
  4 bullfrogs
  2 necrophages
  3 scorpions
  3 wights (D:6)
  3 killer bees (D:8)
  6 howler monkeys (D:7)
  2 quasits (D:9)
  A gnoll bouda (D:8)
  2 hounds
  3 jellies
  Jessica (D:2)
  Terence (D:2)
  An iguana (D:5)
  8 orc wizards
  Natasha (thrice) (D:3)
  8 mummies (Ossuary)
  Robin (D:3)
  2 gnolls (Bailey)
  7 adders
  3 white imps
  An ufetubus (D:7)
  4 worms
  5 dart slugs
  16 orcs
  3 ball pythons (D:1)
  7 bats
  7 endoplasms
  2 giant cockroaches (D:3)
  2 gnoll zombies (Ossuary)
  16 hobgoblins
  3 jackals (D:3)
  41 kobolds
  4 quokkas
  6 frilled lizards
  23 goblins
  A hobgoblin zombie (Ossuary)
  3 kobold zombies (Ossuary)
  2 orc zombies (Ossuary)
  6 rats
293 creatures vanquished.

Vanquished Creatures (others)
  A steam dragon (D:8)
  An orc (D:8)
  A fungus (Lair:1)
  16 plants
19 creatures vanquished.

Grand Total: 312 creatures vanquished

Notes
Turn   | Place    | Note
-------+----------+-------------------------------------------
     0 | D:1      | IdlyInterested the Demonspawn Wanderer began the quest for
                  | the Orb.
     0 | D:1      | IdlyInterested set off with the following items: a +2 hand
                  | axe, a +0 pair of boots, a scroll of butterflies, a +0
                  | robe; and the following spell memorised: Freeze; and the
                  | following spells available to memorise: Hailstorm.
     0 | D:1      | Reached XP level 1. HP: 15/15 MP: 2/2
   102 | D:1      | Gained mutation: You are partially covered in razor-sharp
                  | scales. (AC +1, Slay +1) [demonic ancestry]
   102 | D:1      | Reached XP level 2. HP: 21/21 MP: 3/3
   201 | D:1      | Reached skill level 2 in Fighting
   257 | D:1      | Reached XP level 3. HP: 27/27 MP: 4/4
   741 | D:2      | Noticed Jessica
   752 | D:2      | Killed Jessica
   753 | D:2      | Gained mutation: You are mostly covered in razor-sharp
                  | scales. (AC +2, Slay +2) [demonic ancestry]
   753 | D:2      | Reached XP level 4. HP: 23/34 MP: 5/5
   758 | D:2      | Reached skill level 1 in Dodging
   958 | D:2      | Identified the +8 long sword of Harmony {vorpal, rF+ MP+9
                  | Int+2 Stlth+}
   970 | D:2      | Reached skill level 3 in Fighting
  1266 | D:2      | Noticed Terence
  1273 | D:2      | Killed Terence
  1741 | D:3      | Found an iron altar of Okawaru.
  1750 | D:3      | Noticed Grinder
  1753 | D:3      | Reached XP level 5. HP: 38/41 MP: 6/6
  1764 | D:3      | Paralysed by Grinder for 4 turns
  1776 | D:3      | Killed Grinder
  1777 | D:3      | Reached skill level 4 in Fighting
  1777 | D:3      | Gained mutation: You may rarely emit foul miasma when
                  | damaged in melee. [demonic ancestry]
  1777 | D:3      | Reached XP level 6. HP: 12/50 MP: 7/7
  1792 | D:3      | Found Gyereene's Antique Armour Boutique.
  2004 | D:3      | Noticed Robin
  2022 | D:3      | Killed Robin
  2040 | D:3      | Reached skill level 5 in Fighting
  2210 | D:3      | Noticed Natasha
  2217 | D:3      | Killed Natasha
  2231 | D:3      | Found Akackahe's General Store.
  2267 | D:3      | Bought a potion of curing for 39 gold pieces
  2385 | D:3      | Noticed Natasha
  2390 | D:3      | Killed Natasha
  2530 | D:3      | Noticed Natasha
  2536 | D:3      | Killed Natasha
  2567 | D:3      | Bought a scroll of identify for 26 gold pieces
  2568 | D:3      | Bought a potion of flight for 39 gold pieces
  2669 | D:4      | Reached skill level 1 in Armour
  2674 | D:4      | Gained mutation: You have a small tail. [demonic ancestry]
  2674 | D:4      | Reached XP level 7. HP: 48/56 MP: 8/8
  2961 | D:4      | Noticed Pargi
  2973 | D:4      | Killed Pargi
  2974 | D:4      | Reached skill level 6 in Fighting
  3546 | D:3      | Bought a potion of flight for 39 gold pieces
  3592 | D:5      | Entered Level 5 of the Dungeon
  3688 | D:5      | Reached skill level 1 in Evocations
  3787 | D:5      | Reached XP level 8. HP: 65/65 MP: 9/9
  3792 | D:5      | Reached skill level 7 in Fighting
  3792 | D:5      | Reached skill level 1 in Throwing
  3908 | D:5      | Found a bloodstained altar of Trog.
  3911 | D:5      | Found a broken altar of Ashenzari.
  3912 | D:5      | Found an ancient bone altar of Kikubaaqudgha.
  3912 | D:5      | Found a hazy altar of Hepliaklqana.
  4048 | D:5      | Found a blossoming altar of Fedhas.
  4499 | D:6      | Noticed Edmund
  4505 | D:6      | Killed Edmund
  4603 | D:6      | Reached skill level 8 in Fighting
  4697 | D:6      | Found a snail-covered altar of Cheibriados.
  5332 | D:3      | Bought a scroll of enchant armour for 97 gold pieces
  5407 | D:7      | Noticed a troll
  5418 | D:7      | Killed a troll
  5419 | D:7      | Reached XP level 9. HP: 49/75 MP: 10/10
  5430 | D:7      | Reached skill level 5 in Long Blades
  5445 | D:7      | Reached skill level 9 in Fighting
  5512 | D:7      | Found Amut's Magic Scroll Shop.
  5572 | D:7      | Found a flagged portal.
  5595 | Bailey   | Entered a bailey
  5615 | Bailey   | Noticed an orc warlord
  5675 | Bailey   | Noticed an orc knight
  5690 | Bailey   | Killed an orc knight
  5691 | Bailey   | Reached skill level 10 in Fighting
  5856 | Bailey   | Found a runed translucent gate.
  5858 | Bailey   | Found a runed translucent gate.
  5860 | Bailey   | Found a runed translucent gate.
  5951 | Bailey   | Killed an orc warlord
  5952 | Bailey   | Reached XP level 10. HP: 44/86 MP: 11/11
  6153 | D:7      | Found a staircase to the Ecumenical Temple.
  6161 | Temple   | Entered the Ecumenical Temple
  6161 | Temple   | Found a transporter.
  6161 | Temple   | Found a transporter.
  6163 | Temple   | Found a transporter.
  6163 | Temple   | Found a transporter.
  6226 | D:7      | Reached skill level 11 in Fighting
  6799 | D:8      | Noticed a manticore
  6801 | D:8      | Found a transporter.
  6804 | D:8      | Found a transporter.
  6839 | D:8      | Found a sand-covered staircase.
  6856 | Ossuary  | Entered an ossuary
  7241 | D:8      | Noticed lunkers's ghost (novice MeFi)
  7277 | D:8      | Noticed a two-headed ogre
  7285 | D:8      | Killed a two-headed ogre
  7353 | D:8      | Found an ornate altar of the Wu Jian Council.
  7441 | D:8      | Killed lunkers's ghost
  7442 | D:8      | Reached skill level 12 in Fighting
  7507 | D:8      | Killed a manticore
  7737 | D:9      | Noticed a centaur warrior
  7745 | D:9      | Gained mutation: You have a tail ending in a sharp stinger.
                  | [demonic ancestry]
  7745 | D:9      | Reached XP level 11. HP: 85/96 MP: 12/12
  7756 | D:9      | Killed a centaur warrior
  7906 | D:9      | Found a staircase to the Lair.
  7950 | D:9      | Noticed Harold
  7962 | D:9      | Killed Harold
  7963 | D:9      | Reached skill level 13 in Fighting
  8271 | D:9      | Reached skill level 5 in Armour
  8801 | D:9      | Gained mutation: Your flesh is heat resistant. (rF+)
                  | [potion of mutation]
  8801 | D:9      | Lost mutation: Your flesh is heat resistant. (rF+) [potion
                  | of mutation]
  8801 | D:9      | Gained mutation: You possess an exceptional clarity of
                  | mind. [potion of mutation]
  8801 | D:9      | Gained mutation: You expend magic power (3 MP) to
                  | strengthen your wands. [potion of mutation]
  8889 | Lair:1   | Entered Level 1 of the Lair of Beasts
  8949 | Lair:1   | Identified the +5 flail "Ineirch" {vorpal, rF- Str+6}
  9909 | Lair:2   | Reached skill level 14 in Fighting
  9926 | Lair:2   | Found a dark tunnel.
  9949 | Volcano  | Entered a volcano
 10000 | Volcano  | Noticed a two-headed ogre
 10011 | Volcano  | Killed a two-headed ogre
 10270 | Volcano  | Noticed a two-headed ogre
 10279 | Volcano  | Gained mutation: You have a sharp stinger which inflicts
                  | weakening toxins. [demonic ancestry]
 10279 | Volcano  | Reached XP level 12. HP: 64/107 MP: 13/13
 10284 | Volcano  | Killed a two-headed ogre
 11126 | Lair:2   | Noticed a five-headed hydra
 11128 | Lair:2   | Noticed a six-headed hydra
 11162 | Lair:2   | Killed a five-headed hydra
 11168 | Lair:2   | Slain by a swamp worm

Illustrated notes

Levels and vault maps discovered:
D:1:      minmay_arrival_stair_chambers, layout_basic, kennysheep_boxes
D:2:      layout_loops_ring, lexackson_kobold_supper, uniq_terence, uniq_jessica
D:3:      layout_rooms, lemuel_round_altar, serial_shops, shop,
          nicolae_shop_hallway_stairs, minmay_statues_item, uniq_natasha,
          uniq_robin, uniq_grinder
D:4:      layout_cave_pods, chequers_serial_rivers_micro_c, minmay_misc_feat_x,
          kennysheep_generic_room_4, uniq_pargi
D:5:      layout_basic, fedhas_altar_1, grunt_temple_overflow_open,
          minmay_strange_pillars
D:6:      layout_loops_ring, nicolae_overflow_hidden_temple,
          mainiacjoe_overflow_cross_hatched, uniq_edmund
D:7:      minmay_angry_zag, layout_basic, minmay_temple_entry_drinking_statues,
          enter_bailey_3, serial_shops, nicolae_lakefront_shop,
          serial_bayou_pond_c
D:8:      layout_rooms, kennysheep_mini_moat, enter_ossuary_3, nzn_ghost_randoct
D:9:      layout_roguey, david_lair_generic, serial_demonic, serial_demonic_d,
          serial_demonic_b, serial_demonic_g, serial_demonic_d,
          serial_demonic_f, serial_demonic_c, chequers_serial_rivers_large_b,
          st_stairs_12, uniq_harold
Temple:   hellmonk_temple_divided_pantheon
Lair:1:   layout_loops_ring, grunt_megastairs_4, lemuel_fruit_fields
Lair:2:   layout_chaotic_city, palyth_hydra_swamp_entry,
          nicolae_volcano_entry_lava_flow, hangedman_lair_unloving_vines,
          infiniplex_staircase_pool

Skill      XL: |  1  2  3  4  5  6  7  8  9 10 11 |
---------------+----------------------------------+-----
Fighting       | 2 3 4 5 6 8 10 12 14 | 14.7
Stealth        | 3 |  3.0
Axes           | 4 |  4.0
Dodging        | 1 2 3 4 |  4.7
Long Blades    | 2 3 4 6 7 9 |  9.3
Armour         | 1 2 4 6 |  6.0
Evocations     | 1 2 |  2.0
Throwing       | 1 2 |  2.0
Spellcasting   | |  1.0
Ice Magic      | |  1.0

Action                   |  1- 3 |  4- 6 |  7- 9 | 10-12 || total
-------------------------+-------+-------+-------+-------++-------
Melee: Hand axe          |    86 |    17 |       |       ||   103
       Punch             |     1 |       |     3 |     5 ||     9
       Long sword        |       |   114 |   234 |   328 ||   676
       Tailslap          |       |       |    39 |    51 ||    90
       Club              |       |       |       |     8 ||     8
Throw: Boomerang         |       |       |     5 |    40 ||    45
       Dart              |       |       |       |     3 ||     3
Evoke: Wand              |       |       |     2 |    20 ||    22
  Use: Scroll            |     1 |    10 |     7 |     5 ||    23
       Potion            |     1 |     1 |     5 |     8 ||    15
 Stab: Sleeping          |     3 |       |       |       ||     3
       Distracted        |     1 |       |       |       ||     1
Armor: Robe              |    16 |       |       |       ||    16
       Chain mail        |    34 |    78 |   178 |   212 ||   502
       Plate armour      |       |       |       |    47 ||    47
Dodge: Dodged            |    35 |    72 |   162 |   217 ||   486
Block: Buckler           |       |       |       |    22 ||    22

Table legend: (Time is in decaauts)
 A = Elapsed time spent in this place.
 B = Non-inter-level travel time spent in this place.
 C = Inter-level travel time spent in this place.
 D = Time resting spent in this place.
 E = Time spent auto-exploring this place.
 F = Levels seen in this place.
 G = Mean time per level.
                   A        B        C        D        E       F      G
               +--------+--------+--------+--------+--------+-----+--------+
         Total |  11347 |   9728 |   1619 |   1063 |   5246 |  15 |  756.5 |
       Dungeon |   8303 |   6801 |   1502 |    273 |   4405 |   9 |  922.6 |
        Temple |     51 |     51 |      0 |      0 |      2 |   1 |   51.0 |
          Lair |   1317 |   1200 |    117 |    179 |    697 |   2 |  658.5 |
       Ossuary |    278 |    278 |      0 |     54 |    101 |   1 |  278.0 |
        Bailey |    410 |    410 |      0 |    127 |      0 |   1 |  410.0 |
       Volcano |    986 |    986 |      0 |    430 |     41 |   1 |  986.0 |
               +--------+--------+--------+--------+--------+-----+--------+

Top non-repeatable levels by time:
     D:2: 1257 daAuts
  Lair:1: 1140 daAuts
     D:9: 1131 daAuts
     D:4: 1067 daAuts
 Volcano: 986 daAuts
     D:5: 882 daAuts
     D:7: 848 daAuts
     D:8: 842 daAuts
     D:3: 821 daAuts
     D:6: 752 daAuts
     D:1: 697 daAuts
  Bailey: 410 daAuts
 Ossuary: 278 daAuts
  Lair:2: 177 daAuts
  Temple: 51 daAuts
